 Dungeon Crawl Stone Soup version 0.20.0-1-g1cb1d84 (webtiles) character file.

2925 Hailrake the Spear-Bearer (level 9, 0/72 HPs)
             Began as a Merfolk Berserker on May 26, 2017.
             Was a Priest of Trog.
             Killed from afar by an electric eel (8 damage)
             ... with a bolt of electricity
             ... on level 7 of the Dungeon.
             The game lasted 00:21:49 (5721 turns).

Hailrake the Spear-Bearer (Merfolk Berserker)       Turns: 5721, Time: 00:21:53

Health: 0/72       AC: 17    Str: 19    XL:     9   Next: 79%
Magic:  9/9        EV:  8    Int:  7    God:    Trog [***...]
Gold:   326        SH:  0    Dex: 14    Spells: 8/8 levels left

rFire    . . .     SeeInvis +   s - +2 quarterstaff (chaos)
rCold    . . .     Gourm    .   (shield currently unavailable)
rNeg     . . .     Faith    .   e - +0 plate armour
rPois    .         Spirit   .   (no helmet)
rElec    .         Reflect  .   t - +1 cloak
rCorr    .         Harm     .   x - +2 pair of gloves
MR       .....                  (no boots)
Stlth    ..........             (no amulet)
Regen    0.3/turn               o - ring of see invisible
MPRegen  0.2/turn               (no ring)

@: about to teleport, berserk cooldown, slowed, very slow
A: change form in water, swift swim, stealthy swim
a: Berserk, Trog's Hand, Burn Spellbooks, Renounce Religion


You were on level 7 of the Dungeon.
You worshipped Trog.
Trog was most pleased with you.
You were not hungry.

You visited 1 branch of the dungeon, and saw 7 of its levels.

You collected 326 gold pieces.

Inventory:

Hand Weapons
 a - a +0 spear
 s - a +2 quarterstaff of chaos (weapon)
Armour
 b - a +0 animal skin
 e - a +0 plate armour (worn)
 f - a scarf of cloud immunity
 t - a +1 cloak (worn)
 x - a +2 pair of gloves (worn)
Jewellery
 o - a ring of see invisible (left hand)
 z - an uncursed ring of fire
Wands
 C - a wand of paralysis (7/24)
Scrolls
 d - 3 scrolls of immolation
 i - a scroll of blinking {unknown}
 m - 2 scrolls of teleportation
 n - 2 scrolls of enchant weapon {unknown}
 v - 2 scrolls of enchant armour {unknown}
 y - 2 scrolls of identify
 A - 4 scrolls of remove curse {unknown}
 B - a scroll of magic mapping {unknown}
Potions
 c - 2 potions of might {unknown}
 h - a potion of haste {unknown}
 j - 3 potions of brilliance
 k - a potion of lignification {unknown}
 l - 2 potions of agility {unknown}
 p - 4 potions of curing {unknown}
 q - 3 potions of resistance {unknown}
 r - a potion of degeneration {unknown}
 w - a potion of flight {unknown}
Comestibles
 u - 2 meat rations
 D - a bread ration


   Skills:
 * Level 7.1 Fighting
 + Level 8.0(10.6) Polearms
 + Level 6.5(7.2) Staves
 * Level 5.1 Armour
 * Level 5.4 Dodging


You had 8 spell levels left.
You didn't know any spells.

Dungeon Overview and Level Annotations

Branches:
Dungeon (7/15)             Temple (0/1) D:6

Altars:
Elyvilon
Ru
Xom
Yredelemnul

Shops:
D:4 [


Message History

The electric eel shoots out a bolt of lightning at you!
The bolt of electricity hits you!
* * * LOW HITPOINT WARNING * * *
The electric eel shoots out a bolt of lightning at you!
The bolt of electricity hits you!
* * * LOW HITPOINT WARNING * * *
You feel much better.
The electric eel shoots out a bolt of lightning at you!
The bolt of electricity hits you!
The electric eel shoots out a bolt of lightning at you!
The bolt of electricity hits you!
* * * LOW HITPOINT WARNING * * *
As you read the scroll of teleportation, it crumbles to dust.
You feel strangely unstable.
The electric eel shoots out a bolt of lightning at you!
The bolt of electricity hits you!
* * * LOW HITPOINT WARNING * * *
The electric eel shoots out a bolt of lightning at you!
The bolt of electricity hits you!
You die...

≈.≈♣♣♣≈≈≈♣♣♣≈.≈♣♣♣≈≈...
≈≈≈≈≈≈≈.≈≈≈≈≈.≈≈≈≈≈≈... .
.≈..≈...≈≈..≈..≈≈≈≈... ≈≈
≈≈≈≈≈≈.≈≈≈≈≈.≈≈≈≈≈≈... ♣≈
≈♣♣♣≈.≈♣♣♣≈≈≈♣♣♣≈≈... ♣≈.
♣≈≈≈♣ ♣≈.≈♣ ♣≈≈##.
♣♣≈.≈♣♣♣≈≈≈♣♣♣≈≈≈♣♣♣≈.##.
≈≈≈.≈≈≈≈≈;≈≈≈≈≈≈≈≈≈≈≈≈##.
.≈.≈≈≈..@..†≈≈≈..≈.≈≈.##.
≈≈≈≈≈≈†≈≈.≈≈;≈≈.≈≈≈≈≈.##.
♣♣≈≈≈♣♣♣≈.≈♣♣♣≈≈≈♣ ♣≈.###
♣≈≈≈ ♣≈≈≈♣ ≈≈≈♣ ♣≈≈...
♣≈≈ ♣≈≈≈♣ ≈≈≈♣♣♣≈.### ≈≈
≈≈.≈≈ ≈≈≈≈≈≈;..(. ≈
.≈≈.≈≈. .≈≈.≈....##
≈≈≈.≈≈≈≈≈≈≈≈≈≈≈≈.##
≈.≈♣♣♣≈≈.##


You could see 2 electric eels.

Vanquished Creatures
  The ghost of Feta the Blocker, a novice FoFi of Cheibriados (D:7)
  Pikel (D:4)
  A black bear (D:6)
  An orc warrior (D:7)
  2 ogres
  A necrophage (D:6)
  A sky beast (D:6)
  2 ice beasts
  A centaur (D:6)
  A bullfrog (D:6)
  2 scorpions
  A killer bee (D:5)
  3 electric eels (D:7)
  3 howler monkeys
  2 crimson imps
  A hound (D:6)
  3 jellies
  Crazy Yiuf (D:3)
  3 orc priests
  2 orc wizards
  2 iguanas (D:7)
  2 worker ants
  A hound zombie (D:6)
  2 howler monkey skeletons
  5 gnolls
  8 adders
  2 oozes
  An adder skeleton (D:4)
  A worm (D:4)
  7 dart slugs
  5 leopard geckos
  7 orcs
  2 giant cockroaches
  6 goblins
  9 hobgoblins
  10 jackals
  5 kobolds
  2 quokkas
  2 ball pythons
  A ball python skeleton (D:4)
  8 bats
  5 frilled lizards
  A giant cockroach zombie (D:5)
  8 rats
135 creatures vanquished.

Notes
Turn   | Place    | Note
-------+----------+-------------------------------------------
     0 | D:1      | Hailrake the Merfolk Berserker began the quest for the Orb.
     0 | D:1      | Reached XP level 1. HP: 18/18 MP: 1/1
   167 | D:1      | Reached XP level 2. HP: 24/24 MP: 2/2
   280 | D:1      | Reached skill level 5 in Polearms
   407 | D:1      | Reached XP level 3. HP: 29/29 MP: 3/3
   507 | D:1      | Reached ** piety under Trog
   942 | D:2      | Reached skill level 6 in Polearms
   942 | D:2      | Reached XP level 4. HP: 27/37 MP: 4/4
  1442 | D:3      | Found a shimmering altar of Xom.
  1539 | D:3      | Reached skill level 7 in Polearms
  1539 | D:3      | Reached XP level 5. HP: 42/42 MP: 5/5
  2081 | D:3      | Found a runed door.
  2144 | D:3      | Noticed Crazy Yiuf
  2148 | D:3      | Killed Crazy Yiuf
  2259 | D:4      | Noticed an ogre
  2278 | D:5      | Entered Level 5 of the Dungeon
  2290 | D:5      | Reached XP level 6. HP: 36/48 MP: 6/6
  2380 | D:5      | Reached *** piety under Trog
  2610 | D:5      | Found a sacrificial altar of Ru.
  2669 | D:4      | Found Nucvoeju's Antique Armour Boutique.
  2674 | D:4      | Reached skill level 1 in Staves
  2815 | D:4      | Found a white marble altar of Elyvilon.
  3003 | D:4      | Reached skill level 8 in Polearms
  3003 | D:4      | Reached XP level 7. HP: 55/55 MP: 7/7
  3097 | D:4      | Found a basalt altar of Yredelemnul.
  3226 | D:4      | Noticed Pikel
  3236 | D:4      | Killed Pikel
  3236 | D:4      | Reached skill level 5 in Fighting
  3236 | D:4      | Reached XP level 8. HP: 62/62 MP: 8/8
  4420 | D:6      | Reached skill level 5 in Staves
  4498 | D:6      | Reached XP level 9. HP: 69/69 MP: 9/9
  4873 | D:6      | Found a staircase to the Ecumenical Temple.
  4979 | D:7      | Noticed Feta's ghost (novice FoFi)
  4996 | D:7      | Killed Feta's ghost
  5095 | D:7      | Reached skill level 5 in Dodging
  5371 | D:7      | Reached skill level 5 in Armour
  5721 | D:7      | Killed from afar by an electric eel

Skill      XL: |  1  2  3  4  5  6  7  8  9 |
---------------+----------------------------+-----
Polearms       | 5 6 7 8 |  8.0
Fighting       | 4 5 6 7 |  7.1
Armour         | 2 3 4 5 |  5.1
Staves         | 1 3 5 6 |  6.5
Dodging        | 3 4 5 |  5.4

Action                   |  1- 3 |  4- 6 |  7- 9 || total
-------------------------+-------+-------+-------++-------
Melee: Spear             |   141 |   116 |       ||   257
       Quarterstaff      |       |    52 |   225 ||   277
Invok: Berserk           |     3 |     3 |     6 ||    12
       Trog's Hand       |       |     1 |     3 ||     4
  Use: Scroll            |       |     3 |     4 ||     7
       Potion            |       |     2 |     2 ||     4
 Stab: Confused          |       |       |     2 ||     2
       Paralysed         |       |       |     1 ||     1
  Eat: Bread ration      |     1 |     1 |     1 ||     3
       Royal jelly       |       |     1 |       ||     1
       Meat ration       |       |     1 |     1 ||     2
       Chunk             |       |       |     3 ||     3
Armor: Plate armour      |    75 |   110 |   142 ||   327
Dodge: Dodged            |    29 |    31 |    95 ||   155
